 Dungeon Crawl Stone Soup version 0.21-a0-529-g8c7b3f5 (webtiles) character file.

49 Gwyneth the Twirler (level 3, -5/27 HPs)
             Began as a Demonspawn Gladiator on Dec 10, 2017.
             Slain by a gnoll
             ... wielding a +0 whip
              (6 damage)
             ... on level 2 of the Dungeon.
             The game lasted 00:12:03 (1769 turns).

Gwyneth the Twirler (Demonspawn Gladiator)          Turns: 1769, Time: 00:12:03

Health: -5/27      AC:  4    Str: 14    XL:     3   Next: 53%
Magic:  3/3        EV: 13    Int:  9    God:
Gold:   41         SH:  0    Dex: 15    Spells: 2/2 levels left

rFire    . . .     SeeInvis .   a - +0 quarterstaff
rCold    . . .     Gourm    .   (shield currently unavailable)
rNeg     . . .     Faith    .   b - +0 leather armour
rPois    .         Spirit   .   c - +0 helmet
rElec    .         Reflect  .   (no cloak)
rCorr    .         Harm     .   (no gloves)
MR       .....                  (no boots)
Stlth    +.........             (no amulet)
HPRegen  0.09/turn              (no ring)
MPRegen  0.08/turn              (no ring)

@: no status effects
A: hooves 1
a: no special abilities


You were on level 2 of the Dungeon.
You were not hungry.

You visited 1 branch of the dungeon, and saw 2 of its levels.

You collected 41 gold pieces.

Inventory:

Hand Weapons
 a - a +0 quarterstaff (weapon)
Missiles
 d - 3 throwing nets (quivered)
Armour
 b - a +0 leather armour (worn)
 c - a +0 helmet (worn)
Potions
 g - a potion of magic
Comestibles
 f - a bread ration


   Skills:
 + Level 2.2 Fighting
 + Level 3.6 Staves
 + Level 2.0 Throwing
 + Level 0.8 Armour
 + Level 2.9 Dodging


You had 2 spell levels left.
You didn't know any spells.

Dungeon Overview and Level Annotations

Branches:
Dungeon (2/15)

Altars:


Innate Abilities, Weirdness & Mutations

You have large cloven feet.


Message History

The gnoll hits you but does no damage.
The gnoll hits you from afar with a halberd!
The gnoll misses you.
The gnoll hits you from afar with a halberd.
* * * LOW HITPOINT WARNING * * *
You see here a short sword.
You see here a rapier.
You see here a stone.
You see here a stone.
The gnoll misses you.
The gnoll hits you from afar with a halberd.
The gnoll closely misses you. The gnoll hits you with a whip!
* * * LOW HITPOINT WARNING * * *
Found a stone staircase leading up.
The gnoll barely misses you. x2
The gnoll hits you from afar with a halberd.
* * * LOW HITPOINT WARNING * * *
The gnoll hits you with a whip.
You die...

######## ...g...#
######.# ######.#
#....).# .......# ######
.......# #....###
.......# #....#@######
.......# #....g......#
.......# #.............
.......# #...g........#
......g# #............#
.......# #............#
.......# #.......#.....
.##'##.####....####.##.#
.##.##.........# .# .#
#.#


You could see 2 gnolls.

Vanquished Creatures
  An adder (D:2)
  2 dart slugs (D:2)
  3 giant cockroaches
  7 goblins
  5 hobgoblins
  4 quokkas (D:2)
  4 bats (D:1)
  A frilled lizard (D:1)
  3 kobolds (D:1)
  3 rats (D:1)
  A plant (D:2)
34 creatures vanquished.

Notes
Turn   | Place    | Note
-------+----------+-------------------------------------------
     0 | D:1      | Gwyneth the Demonspawn Gladiator began the quest for the Orb.
     0 | D:1      | Reached XP level 1. HP: 16/16 MP: 1/1
   747 | D:1      | Reached skill level 3 in Staves
   747 | D:1      | Gained mutation: You have large cloven feet. [demonic ancestry]
   747 | D:1      | Reached XP level 2. HP: 22/22 MP: 2/2
  1298 | D:2      | Reached XP level 3. HP: 27/27 MP: 3/3
  1720 | D:2      | HP: 1/27 [gnoll/whip (8)]
  1768 | D:2      | HP: 1/27 [gnoll/halberd (4)]
  1769 | D:2      | Slain by a gnoll

Vault maps used:
D:1:      lightli_arrival_statuegarden
D:2:      wad_woods_tower, grunt_temple_overflow_open, first_bread,
          minmay_quantized

Skill      XL: |  1  2 |
---------------+-------+-----
Staves         | 3 |  3.6
Throwing       | 2 |  2.0
Fighting       | |  2.2
Armour         | |  0.8
Dodging        | |  2.9

Action                   || total
-------------------------++-------
Melee: Quarterstaff      ||    94
       Kick              ||    23
  Use: Potion            ||     2
       Scroll            ||     2
  Eat: Bread ration      ||     1
Armor: Leather armour    ||    38
Dodge: Dodged            ||    82

Table legend:
 A = Spawn XP
 B = Non-spawn XP
 C = Spawn XP percentage of total XP
 D = Spawn monster count
 E = Non-spawn monster count
 F = Spawn count percentage of total count
 G = Total turns spent on level
                    A         B        C        D         E        F      G
               +---------+---------+-------+---------+---------+-------+---------
         Total |       0 |      71 |   0.0 |       0 |      33 |   0.0 |  1769
               +---------+---------+-------+---------+---------+-------+---------
           D:1 |       0 |      27 |   0.0 |       0 |      19 |   0.0 |  1188
           D:2 |       0 |      44 |   0.0 |       0 |      14 |   0.0 |   581
               +---------+---------+-------+---------+---------+-------+---------
